 Dungeon Crawl Stone Soup version 0.26.1 (webtiles) character file.

Game seed: 4251304479796324146

891 Gadfly the Warrior (level 8, -1/111 HPs)
             Began as an Ogre Gladiator on Feb 6, 2021.
             Was a Believer of Okawaru.
             Slain by Duvessa
             ... wielding a +2 short sword of venom
              (5 damage)
             ... on level 5 of the Dungeon.
             The game lasted 00:09:14 (8235 turns).

Gadfly the Warrior (Ogre Gladiator)                 Turns: 8235, Time: 00:09:15

Health: -1/111     AC: 24    Str: 21    XL:     8   Next: 6%
Magic:  11/11      EV:  1    Int:  9    God:    Okawaru [**....]
Gold:   323        SH:  0    Dex: 16    Spells: 7/7 levels left

rFire    . . .     SeeInvis .   b - +4 quarterstaff (chaos)
rCold    . . .     Faith    .   (shield currently unavailable)
rNeg     + + +     Spirit   .   (armour currently unavailable)
rPois    +         Reflect  .   (helmet currently unavailable)
rElec    .         Harm     .   (cloak currently unavailable)
rCorr    .         Rampage  .   (gloves unavailable)
Will     .....     NoTele   +   (boots unavailable)
Stlth    +.........             (no amulet)
HPRegen  0.28/turn              m - +6 ring of dexterity
MPRegen  0.12/turn              s - ring of flight

@: confused, lethally poisoned (-1 -> -47), tree-form, heroism, very slightly
contaminated, invisible
A: large, unfitting armour
a: Renounce Religion, Heroism


You were on level 5 of the Dungeon.
You worshipped Okawaru.
Okawaru was pleased with you.
You were a tree.
You visited 1 branch of the dungeon, and saw 5 of its levels.

You collected 323 gold pieces.

Inventory:

Hand Weapons
 a - a +1 flail
 b - a +4 quarterstaff of chaos (weapon)
Missiles
 d - 2 throwing nets
 e - 9 boomerangs (quivered)
 j - 7 javelins
Armour
 c - a +1 hat (melded)
 o - a +0 robe (melded)
 p - a +0 cloak (melded)
Jewellery
 m - a +6 ring of dexterity (left branch)
 s - a ring of flight (right branch)
Wands
 l - a wand of polymorph (5)
 q - a wand of iceblast (2)
Scrolls
 f - 2 scrolls of enchant weapon
 g - 6 scrolls of teleportation
 i - a scroll of remove curse
Potions
 k - a potion of mutation


   Skills:
 - Level 2.6(7.6) Fighting
 + Level 3.9(8.9) Maces & Flails
 + Level 3.6(8.6) Throwing
 * Level 3.4(8.4) Armour
 - Level 2.6(7.6) Dodging
 * Level 4.6 Invocations
 * Level 3.4 Evocations


You had 7 spell levels left.
You didn't know any spells.
Your spell library contained the following spells:

 Spells                   Type           Power        Failure   Level
 Searing Ray              Conj           0%           52%         2
 Lightning Bolt           Conj/Air       0%           100%        5
 Conjure Ball Lightning   Conj/Air       0%           100%        6
 Orb of Destruction       Conj           0%           100%        7


Dungeon Overview and Level Annotations

Branches:
Dungeon (5/15)             Temple (0/1) D:4

Altars:
Ashenzari
Dithmenos
Nemelex Xobeh
Okawaru
Sif Muna
Vehumet
Beogh

Shops:
D:4 (

Annotations:
D:5 Duvessa


Innate Abilities, Weirdness & Mutations

You are too large for most types of armour.
((You have tough skin. (AC +1)))


Message History

* * * LOW HITPOINT WARNING * * *
You feel very sick.
Duvessa hits you with a +2 short sword of venom.
* * * LOW HITPOINT WARNING * * *
You are more poisoned.
Duvessa misses you.
You are very lightly contaminated with residual magic.
It was a potion of lignification.
You turn into a tree.
Your +0 cloak melds into your body.
Your +1 hat melds into your body.
Your +0 robe melds into your body.
Your roots penetrate the ground.
* * * LOW HITPOINT WARNING * * *
You feel very sick. Duvessa hits you but does no damage.
You are confused.
You feel invigorated.
* * * LOW HITPOINT WARNING * * *
You feel very sick. Duvessa hits you but does no damage.
Duvessa hits you with a +2 short sword of venom.
You die...

#..<..#.....# #.#
#.##..#.#.#.####.#
#.....#...#......#
###.################
# #................#
###############.##
#.# #####)# #.Ze♣.#
#.#####


You could see Duvessa (berserk) and a bullfrog zombie.

Vanquished Creatures
  An ice beast (D:5)
  Dowan (D:5)
  A hound (D:4)
  A jelly (D:5)
  2 orc priests (D:4)
  6 orc wizards
  Crazy Yiuf (D:3)
  Ijyb (D:3)
  Terence (D:3)
  5 worker ants
  2 iguanas (D:4)
  A gnoll (D:4)
  13 adders
  An ooze (D:2)
  An adder skeleton (D:4)
  3 worms
  3 dart slugs
  A leopard gecko (D:3)
  7 orcs
  7 bats
  A giant cockroach (D:1)
  8 goblins
  6 hobgoblins
  4 kobolds
  A ball python (D:3)
  5 frilled lizards
  2 leopard gecko skeletons (D:4)
  A quokka skeleton (D:4)
  3 rats (D:3)
90 creatures vanquished.

Vanquished Creatures (others)
  An orc wizard (D:3)
  A fungus (D:3)
2 creatures vanquished.

Grand Total: 92 creatures vanquished

Notes
Turn   | Place    | Note
-------+----------+-------------------------------------------
     0 | D:1      | Gadfly the Ogre Gladiator began the quest for the Orb.
     0 | D:1      | Reached XP level 1. HP: 22/22 MP: 1/1
   257 | D:1      | Reached XP level 2. HP: 24/29 MP: 2/2
   738 | D:2      | Reached skill level 1 in Invocations
   888 | D:2      | Reached XP level 3. HP: 36/36 MP: 3/3
  1074 | D:2      | Reached skill level 1 in Evocations
  1252 | D:2      | Reached skill level 1 in Armour
  1437 | D:2      | Found an iron altar of Okawaru.
  1450 | D:2      | Became a worshipper of Warmaster Okawaru
  1492 | D:2      | Reached XP level 4. HP: 11/44 MP: 3/5
  2297 | D:3      | Reached skill level 2 in Invocations
  2317 | D:3      | Noticed Ijyb
  2624 | D:3      | Killed Ijyb
  2625 | D:3      | Reached XP level 5. HP: 49/50 MP: 6/6
  2664 | D:3      | Noticed Terence
  2691 | D:3      | Killed Terence
  3976 | D:3      | Reached XP level 6. HP: 46/59 MP: 8/8
  4212 | D:3      | Found a runed translucent door.
  4213 | D:3      | Noticed Crazy Yiuf
  4360 | D:4      | Found a staircase to the Ecumenical Temple.
  4364 | D:4      | Found a sparkling altar of Nemelex Xobeh.
  4366 | D:4      | Identified Vehumet's Collected Works on Battle Magic
  4426 | D:4      | Reached skill level 3 in Invocations
  4673 | D:4      | Found Kovvemm's Weapon Shop.
  4850 | D:4      | Found a shimmering blue altar of Sif Muna.
  5294 | D:4      | Reached * piety under Okawaru
  6069 | D:4      | Reached XP level 7. HP: 59/66 MP: 9/9
  6105 | D:4      | Found a radiant altar of Vehumet.
  6105 | D:4      | Found a broken altar of Ashenzari.
  6278 | D:4      | Found a shadowy altar of Dithmenos.
  6958 | D:3      | Killed Crazy Yiuf
  7541 | D:4      | Found a roughly hewn altar of Beogh.
  7548 | D:4      | Reached skill level 4 in Invocations
  8042 | D:5      | Entered Level 5 of the Dungeon
  8074 | D:5      | Reached ** piety under Okawaru
  8213 | D:5      | Noticed Duvessa
  8213 | D:5      | Noticed Dowan
  8223 | D:5      | Killed Dowan
  8224 | D:5      | Reached XP level 8. HP: 64/74 MP: 11/11
  8234 | D:5      | HP: 4/111 [poisoned by Duvessa]
  8235 | D:5      | Slain by Duvessa

Illustrated notes

Levels and vault maps discovered:
D:1:      dpeg_arrival_line_fractal, layout_rooms,
          hangedman_decor_clover_reticule
D:2:      layout_basic, kennysheep_okawaru_gauntlet, minmay_splitting_lines,
          grunt_decor_clamped, hangedman_feature_mirror
D:3:      layout_loops_corners, uniq_crazy_yiuf_cottage, uniq_ijyb, uniq_terence
D:4:      minmay_bubble_buster, layout_basic, lemuel_round_altar,
          marbit_many_paths, nemelex_xobeh_ov_fountains_minmay,
          gammafunk_temple_overflow_elements, minmay_temple_entry_offerings,
          serial_shops, nicolae_shop_crystal, kennysheep_orc_chapel
D:5:      layout_basic, uniq_pikel, uniq_eustachio, uniq_duvessa

Skill      XL: |  1  2  3  4  5  6  7 |
---------------+----------------------+-----
Invocations    | 1 2 3 4 |  4.6
Evocations     | 1 2 3 |  3.4
Armour         | 1 2 3 |  3.4
Maces & Flails | 3 |  3.9
Throwing       | 3 |  3.6
Fighting       | |  2.6
Dodging        | |  2.6

Action                   |  1- 3 |  4- 6 |  7- 9 || total
-------------------------+-------+-------+-------++-------
Melee: Flail             |    80 |   159 |     7 ||   246
       Unarmed           |       |     9 |       ||     9
       Dagger            |       |   114 |    60 ||   174
       Quarterstaff      |       |       |    51 ||    51
Throw: Boomerang         |    12 |    27 |    18 ||    57
       Throwing net      |       |     1 |       ||     1
       Javelin           |       |     7 |       ||     7
Invok: Heroism           |       |       |     1 ||     1
Evoke: Wand              |       |     3 |       ||     3
  Use: Scroll            |     5 |     8 |     2 ||    15
       Potion            |       |     2 |     4 ||     6
 Stab: Sleeping          |       |     4 |     2 ||     6
       Petrified         |       |       |     2 ||     2
Armor: Robe              |    25 |   101 |    35 ||   161
       Skin              |       |       |     2 ||     2
Dodge: Dodged            |    48 |   193 |    46 ||   287
